 Dungeon Crawl Stone Soup version 0.30-a0-358-g0d69a1922f (webtiles) character file.

Game seed: 10728516784759401287

126 koil the Sneak (level 4, -1/32 HPs)
             Began as a Vampire Enchanter on Nov 10, 2022.
             Slain by a kobold brigand
             ... wielding a +0 dagger
              (3 damage)
             ... on level 6 of the Dungeon.
             The game lasted 00:07:20 (2479 turns).

koil the Sneak (Vampire Enchanter)                  Turns: 2479, Time: 00:07:22

Health: -1/32      AC:  3    Str:  7    XL:     4   Next: 83%
Magic:  0/7        EV: 12    Int: 19    God:
Gold:   80         SH:  0    Dex: 14    Spells: 6/8 levels left

rFire   . . .      SeeInvis +    a - +3 dagger
rCold   . . .      Faith    .    (no shield)
rNeg    . . .      Spirit   .    h - +0 leather armour
rPois   .          Reflect  .    (no helmet)
rElec   .          Harm     .    (no cloak)
rCorr   .          Rampage  .    (no gloves)
Will    .....                    (no boots)
Stlth   +++.......               (no amulet)
HPRegen 0.45/turn                (no ring)
MPRegen 0.10/turn                (no ring)

@: flying, healing quickly
A: alive, fangs 3, see invisible, vampiric 2
a: Exsanguinate


You were on level 6 of the Dungeon.
You visited 1 branch of the dungeon, and saw 4 of its levels.

You collected 108 gold pieces.
You spent 28 gold pieces at shops.

Inventory:

Hand Weapons
 a - a +3 dagger (weapon)
 m - a +1 dagger
Armour
 b - a +0 robe
 h - a +0 leather armour (worn)
Magical Staves
 p - a staff of cold
Jewellery
 q - an amulet of faith
Scrolls
 g - a scroll of amnesia {unknown}
 i - a scroll of acquirement {unknown}
 j - a scroll of noise {unknown}
 k - a scroll of fear {unknown}
 l - a scroll of vulnerability {unknown}
Potions
 c - 2 potions of invisibility
 d - a potion of flight
 e - a potion of lignification {unknown}
 f - a potion of heal wounds {unknown}
 n - a potion of mutation {unknown}
 o - a potion of attraction {unknown}


   Skills:
 + Level 1.2 Fighting
 + Level 2.1 Short Blades
 + Level 1.1 Armour
 + Level 2.9 Dodging
 + Level 5.1 Stealth
 + Level 2.5 Spellcasting
 + Level 5.1 Hexes


You had 6 spell levels left.
You knew the following spells:

 Your Spells              Type           Power      Damage    Failure   Level
a - Ensorcelled Hibernat  Hex/Ice        24%        N/A       12%         2

Your spell library contained the following spells:

 Spells                   Type           Power      Damage    Failure   Level
 Confusing Touch          Hex            21%        N/A       9%          3
 Tukima's Dance           Hex            21%        N/A       9%          3
 Apportation              Tloc           4%         N/A       24%         1
 Kiss of Death            Conj/Necr      8%         2d6       24%         1
 Necrotise                Necr           8%         1d4       24%         1
 Summon Small Mammal      Summ           8%         N/A       24%         1
 Dazzling Flash           Conj/Hex       24%        N/A       24%         3
 Sublimation of Blood     Necr           2%         N/A       34%         2
 Agony                    Necr           2%         N/A       100%        5
 Irradiate                Conj/Tmut      1%         3d12      100%        5
 Haunt                    Necr/Summ      1%         N/A       100%        7


Dungeon Overview and Level Annotations

Branches:
Dungeon (3/15)

Altars:

Shops:
D:2 [(*[:


Innate Abilities, Weirdness & Mutations

Your natural rate of healing is accelerated.
You have razor-sharp teeth.
You have supernaturally acute eyesight. (SInv)
You are afflicted with vampirism and can become a bat while bloodless.


Message History

Confirm with . or Enter, or press ? or * to list all spells.
You don't have enough magic to cast this spell.
Unknown command.
The kobold shouts!
You hit the kobold brigand.
The kobold brigand is lightly wounded.
You hear a shout!
The kobold hits you with a +0 dagger. The kobold misses you.
The kobold brigand hits you with a +0 dagger.
The kobold brigand attacks as you move away!
The kobold brigand hits you with a +0 dagger.
The kobold attacks as you move away! The kobold hits you with a +0 dagger.
The kobold hits you but does no damage.
The kobold throws a stone.
The stone closely misses you. The kobold closely misses you.
The kobold brigand attacks as you move away!
The kobold brigand hits you with a +0 dagger!
The kobold hits you but does no damage.
The kobold throws a stone.
The stone closely misses you.
You miss the kobold. The kobold hits you with a +0 dagger.
The kobold brigand barely misses you.
Casting: Ensorcelled Hibernation (safe; 12% risk of failure)
Confirm with . or Enter, or press ? or * to list all spells.
Aiming: Ensorcelled Hibernation (safe; 12% risk of failure)
Press: ? - help, Shift-Dir - straight line, f/p - kobold brigand
Aim: a kobold brigand, wielding a +0 dagger and quivering curare-tipped darts (lightly wounded, chance to affect: 46%)
The kobold brigand resists with some effort.
The kobold hits you with a +0 short sword.
* * * LOW HITPOINT WARNING * * *
The kobold closely misses you. The kobold hits you with a +0 whip.
* * * LOW HITPOINT WARNING * * *
The kobold brigand hits you with a +0 dagger.
* * * LOW HITPOINT WARNING * * *
Your magical contamination has completely faded away.
It was a potion of flight.
You feel very buoyant.
You fly up into the air.
The kobold hits you but does no damage. The kobold barely misses you.
The kobold closely misses you. x2
The kobold brigand hits you with a +0 dagger.
You die...

..KK..............#
.......l..........#
.......K..K.......#
#..##########.....#
### #.....##.....##
#.............#
#.............#
#.........KKK.#
#.....##.KK@.##
#### #l.)..#####K##
....##'######.....#
..........K..)....#
..................#
..................#
###################


You could see a kobold brigand and 5 kobolds.

Vanquished Creatures
  An iguana (D:6)
  5 adders
  3 worms (D:2)
  2 dart slugs (D:2)
  5 endoplasms
  A giant cockroach (D:1)
  4 hobgoblins
  2 jackals (D:3)
  3 quokkas (D:1)
  A ball python (D:2)
  5 bats
  6 frilled lizards
  4 kobolds
  3 rats
45 creatures vanquished.

Notes
Turn   | Place    | Note
-------+----------+-------------------------------------------
     0 | D:1      | koil the Vampire Enchanter began the quest for the Orb.
     0 | D:1      | Reached XP level 1. HP: 13/13 MP: 3/3
    19 | D:1      | Got Paghit's Precepts of the Sepulchral Salvo
    66 | D:1      | HP: 2/13 [kobold/+0 short sword (4)]
    72 | D:1      | HP: 2/13 [hobgoblin (3)]
   198 | D:1      | Reached XP level 2. HP: 16/19 MP: 5/5
   201 | D:1      | Learned a level 2 spell: Ensorcelled Hibernation
   549 | D:2      | Found Itwoquept's Book Boutique.
   599 | D:2      | Found Pevablir's General Store.
   657 | D:2      | Gained mutation: You are afflicted with vampirism and can
                  | become a bat while bloodless. [Vampire growth]
   657 | D:2      | Reached XP level 3. HP: 25/25 MP: 4/6
   680 | D:2      | Bought 2 potions of degeneration for 28 gold pieces
   725 | D:2      | Found Ogoawnin's Weapon Shop.
   932 | D:2      | Reached skill level 1 in Fighting
   983 | D:2      | Found Ojodots's Antique Armour Shoppe.
  1252 | D:2      | Reached XP level 4. HP: 32/32 MP: 7/7
  1349 | D:2      | Found Afiemil's Antique Armour Boutique.
  1361 | D:2      | Reached skill level 1 in Armour
  1438 | D:2      | Found Afiemil's Antique Armour Boutique.
  1524 | D:2      | Found Ojodots's Antique Armour Shoppe.
  1629 | D:2      | Found Pevablir's General Store.
  1671 | D:2      | Found Itwoquept's Book Boutique.
  1776 | D:2      | Found Ogoawnin's Weapon Shop.
  1779 | D:2      | Reached skill level 5 in Hexes
  2260 | D:3      | Reached skill level 5 in Stealth
  2387 | D:3      | You fall into a shaft and drop 3 floors!
  2427 | D:6      | Noticed a kobold brigand
  2478 | D:6      | HP: 6/32 [kobold/+0 whip (2)]
  2478 | D:6      | HP: 2/32 [kobold brigand/+0 dagger (4)]
  2479 | D:6      | Slain by a kobold brigand

Illustrated notes

Levels and vault maps discovered:
D:1:      roderic_crossed_star, layout_rooms
D:2:      layout_basic, serial_shops, shop, nicolae_shop_bloodbath_and_beyond,
          shop, nicolae_shop_hallway_plus, nicolae_shop_waterfront
D:3:      layout_basic, mainiacjoe_overflow_chevrons, ebering_ghost_sewer_f,
          dilly_guarded_unrand_throatcut
D:6:      layout_gridville, ebering_ghost_disaster_area

Skill      XL: |  1  2  3  4 |
---------------+-------------+-----
Fighting       | 1 |  1.2
Armour         | 1 |  1.1
Hexes          | 5 |  5.1
Stealth        | 5 |  5.1
Short Blades   | 2 |  2.1
Dodging        | |  2.9
Spellcasting   | |  2.5

Action                   |  1- 3 |  4- 6 || total
-------------------------+-------+-------++-------
Melee: Dagger            |    97 |    24 ||   121
       Bite              |     9 |     5 ||    14
 Cast: Ensorcelled Hiber |     7 |     4 ||    11
  Use: Potion            |       |     1 ||     1
 Stab: Sleeping          |    17 |     3 ||    20
       Distracted        |       |     1 ||     1
Armor: Robe              |     2 |       ||     2
       Leather armour    |    18 |    10 ||    28
Dodge: Dodged            |    64 |    28 ||    92

Table legend: (Time is in decaauts)
 A = Elapsed time spent in this place.
 B = Non-inter-level travel time spent in this place.
 C = Inter-level travel time spent in this place.
 D = Time resting spent in this place.
 E = Time spent auto-exploring this place.
 F = Levels seen in this place.
 G = Mean time per level.
                   A        B        C        D        E       F      G
               +--------+--------+--------+--------+--------+-----+--------+
         Total |   2468 |   2393 |     75 |     40 |   1895 |   4 |  617.0 |
       Dungeon |   2468 |   2393 |     75 |     40 |   1895 |   4 |  617.0 |
               +--------+--------+--------+--------+--------+-----+--------+

Top non-repeatable levels by time:
     D:2: 1759 daAuts
     D:1: 479 daAuts
     D:3: 138 daAuts
     D:6: 91 daAuts
